 Dungeon Sprint DCSS version 0.27-a0-789-g6bb3289e1e (webtiles) character file.

Game seed: 14588059124551596178

340 mhtbhm the Covered (level 6, -4/66 HPs)
             Began as a Gargoyle Fighter on Mar 27, 2021.
             Was a Believer of Okawaru.
             Slain by a two-headed ogre
             ... wielding a +0 giant club
              (6 damage)
             ... in the Dungeon (Sprint IX: "|||||||||||||||||||||||||||||").
             The game lasted 00:00:56 (358 turns).

mhtbhm the Covered (Gargoyle Fighter)                Turns: 358, Time: 00:00:57

Health: -4/66      AC: 20    Str: 22    XL:     6   Next: 56%
Magic:  6/6        EV:  7    Int: 11    God:    Okawaru [**....]
Gold:   0          SH: 11    Dex:  9    Spells: 5/5 levels left

rFire    . . .     SeeInvis .   a - +0 flail
rCold    . . .     Faith    .   c - +0 kite shield
rNeg     + . .     Spirit   .   b - +1 chain mail
rPois    ∞         Reflect  .   (no helmet)
rElec    +         Harm     .   o - +0 cloak
rCorr    .         Rampage  .   (no gloves)
Will     .....     NoTele   +   n - +0 pair of boots
Stlth    ..........             (no amulet)
HPRegen  0.21/turn              p - +2 ring of protection
MPRegen  0.10/turn              q - +3 ring of intelligence

@: berserking, very quick
A: AC +4, negative energy resistance 1, electricity resistance, torment
resistance 1, unbreathing 1, petrification resistance
a: Renounce Religion, Heroism


You were in the Dungeon.
You worshipped Okawaru.
Okawaru was pleased with you.
You visited 1 branch

Inventory:

Hand Weapons
 a - a +0 flail (weapon)
Armour
 b - a +1 chain mail (worn)
 c - a +0 kite shield (worn)
 n - a +0 pair of boots (worn)
 o - a +0 cloak (worn)
Jewellery
 p - a +2 ring of protection (right hand)
 q - a +3 ring of intelligence (left hand)
Wands
 m - a wand of acid (10)
Scrolls
 j - 2 scrolls of blinking
 l - 2 scrolls of amnesia
Potions
 d - a potion of might
 e - 5 potions of curing
 f - a potion of heal wounds
 g - a potion of haste
 h - 4 potions of magic
 k - a potion of invisibility


   Skills:
 + Level 7.3 Fighting
 + Level 7.2 Maces & Flails
 + Level 7.9 Armour
 + Level 2.4 Dodging
 + Level 1.5 Stealth
 + Level 7.7 Shields


You had 5 spell levels left.
You didn't know any spells.
Your spell library was empty.

Dungeon Overview and Level Annotations

Branches:
Dungeon (1/1)

Altars:
Cheibriados
Dithmenos
Elyvilon
Fedhas
Gozag
Hepliaklqana
Kikubaaqudgha
Makhleb
Nemelex Xobeh
Okawaru
Qazlal
Ru
Sif Muna
Trog
Uskayaw
Vehumet
Wu Jian
Xom
Yredelemnul
Zin
The Shining One
Beogh
Jiyva
Lugonu


Innate Abilities, Weirdness & Mutations

Your stone body is resilient. (AC +4)
You are immune to poison.
You resist negative energy. (rN+)
You are resistant to electric shocks. (rElec)
You are resistant to unholy torment.
You can survive without breathing.
You are immune to petrification.


Message History

Your Dodging skill increases to level 2!
You have reached level 6!
Your experience leads to an increase in your attributes!
Your base attributes are Str 21, Int 8, Dex 9.
Increase (S)trength, (I)ntelligence, or (D)exterity?
You feel stronger.
Unknown command.
You feel much better.
The two-headed ogre hits you with a +0 giant club.
The two-headed ogre hits you with a +0 giant club!
A red film seems to cover your vision as you go berserk!
You feel yourself moving faster!
You feel mighty!
The two-headed ogre hits you but does no damage. x2
You thump the two-headed ogre!
The two-headed ogre is lightly wounded.
The two-headed ogre hits you but does no damage.
The two-headed ogre hits you with a +0 giant club!
You sock the two-headed ogre!
The two-headed ogre is moderately wounded.
The two-headed ogre hits you with a +0 giant club!
* * * LOW HITPOINT WARNING * * *
You block the two-headed ogre's attack.
You hit the two-headed ogre.
The two-headed ogre is moderately wounded.
The two-headed ogre hits you with a +0 giant club.
* * * LOW HITPOINT WARNING * * *
The two-headed ogre hits you but does no damage.
You sock the two-headed ogre!
The two-headed ogre is heavily wounded.
You barely miss the two-headed ogre.
The two-headed ogre is heavily wounded.
An orc wizard appears from thin air!
Reactivating autopickup.
The two-headed ogre hits you but does no damage.
The two-headed ogre hits you with a +0 giant club.
* * * LOW HITPOINT WARNING * * *
You thump the two-headed ogre!
The two-headed ogre is severely wounded.
The two-headed ogre hits you with a +0 giant club.
You die...

▓.▓
▓.▓
▓)▓
▓.▓
▓.▓
▓.▓
▓[▓
▓.▓
▓@▓
▓O▓
▓.▓
▓y▓
▓o▓
▓.▓
▓.▓
▓.▓


You could see a two-headed ogre, a killer bee and an orc wizard.

Vanquished Creatures
  A wyvern (D)
  An acid dragon (D)
  A scorpion (D)
  A hound (D)
  An ufetubus (D)
  An orc (D)
  A ball python (D)
  A goblin (D)
  A jackal (D)
  A kobold (D)
  A ball python zombie (D)
  A rat (D)
12 creatures vanquished.

Notes
Turn   | Place    | Note
-------+----------+-------------------------------------------
     0 | D        | mhtbhm the Gargoyle Fighter began the quest for the Orb.
     0 | D        | Reached XP level 1. HP: 14/14 MP: 1/1
   103 | D        | Noticed a hound
   103 | D        | Noticed a scorpion
   109 | D        | Killed a hound
   110 | D        | Reached skill level 5 in Shields
   110 | D        | Reached XP level 2. HP: 15/20 MP: 2/2
   110 | D        | Reached XP level 3. HP: 19/25 MP: 3/3
   111 | D        | Reached skill level 5 in Fighting
   119 | D        | Killed a scorpion
   120 | D        | Reached skill level 5 in Armour
   120 | D        | Reached skill level 1 in Dodging
   120 | D        | Reached XP level 4. HP: 19/32 MP: 4/4
   255 | D        | Found a snail-covered altar of Cheibriados.
   255 | D        | Found a shadowy altar of Dithmenos.
   255 | D        | Found a white marble altar of Elyvilon.
   255 | D        | Found a blossoming altar of Fedhas.
   255 | D        | Found an opulent altar of Gozag.
   256 | D        | Found a hazy altar of Hepliaklqana.
   257 | D        | Found a viscous altar of Jiyva.
   258 | D        | Found an ancient bone altar of Kikubaaqudgha.
   259 | D        | Found a corrupted altar of Lugonu.
   260 | D        | Found a burning altar of Makhleb.
   261 | D        | Found a sparkling altar of Nemelex Xobeh.
   262 | D        | Found an iron altar of Okawaru.
   263 | D        | Found a stormy altar of Qazlal.
   264 | D        | Found a sacrificial altar of Ru.
   265 | D        | Found a shimmering blue altar of Sif Muna.
   266 | D        | Found a bloodstained altar of Trog.
   267 | D        | Found a hide-covered altar of Uskayaw.
   268 | D        | Found a radiant altar of Vehumet.
   269 | D        | Found an ornate altar of the Wu Jian Council.
   270 | D        | Became a worshipper of Warmaster Okawaru
   271 | D        | Found a shimmering altar of Xom.
   272 | D        | Found a basalt altar of Yredelemnul.
   273 | D        | Found a glowing silver altar of Zin.
   274 | D        | Found a glowing golden altar of the Shining One.
   327 | D        | Noticed an acid dragon
   327 | D        | Noticed a wyvern
   327 | D        | Noticed a two-headed ogre
   341 | D        | Killed an acid dragon
   341 | D        | Reached * piety under Okawaru
   342 | D        | Reached skill level 5 in Maces & Flails
   342 | D        | Reached skill level 1 in Stealth
   342 | D        | Reached XP level 5. HP: 21/37 MP: 5/5
   350 | D        | Killed a wyvern
   350 | D        | Reached ** piety under Okawaru
   351 | D        | Reached XP level 6. HP: 22/44 MP: 6/6
   357 | D        | HP: 1/66 [two-headed ogre/+0 giant club (5)]
   358 | D        | Slain by a two-headed ogre

Illustrated notes

Levels and vault maps discovered:
D:        linesprint [early_d, line_temple, items_1, d_10, items_2, lair_1,
          lair_end, items_3, orc_1, orc_end, items_4, d_15, swamp_1, shoals_1,
          snake_1, spider_1, d_20, vaults_1, items_5, swamp_end, shoals_end,
          snake_end, spider_end, vaults_end, d_27, items_6, zot_1, zot_end,
          crypt_end, forest_end, elf_end, slime_end, tomb_end, abyss_end,
          pan_hell_end]

Skill      XL: |  1  2  3  4  5 |
---------------+----------------+-----
Fighting       | 4 5 6 7 |  7.3
Shields        | 5 6 7 |  7.7
Armour         | 4 5 7 |  7.9
Maces & Flails | 3 5 7 |  7.2
Dodging        | 1 2 |  2.4
Stealth        | 1 |  1.5

Action                   |  1- 3 |  4- 6 || total
-------------------------+-------+-------++-------
Melee: Flail             |    27 |    34 ||    61
  Use: Potion            |       |     3 ||     3
Armor: Scale mail        |    14 |     3 ||    17
       Chain mail        |       |    23 ||    23
Dodge: Dodged            |     8 |     7 ||    15
Block: Kite shield       |    17 |    22 ||    39

Table legend: (Time is in decaauts)
 A = Elapsed time spent in this place.
 B = Non-inter-level travel time spent in this place.
 C = Inter-level travel time spent in this place.
 D = Time resting spent in this place.
 E = Time spent auto-exploring this place.
 F = Levels seen in this place.
 G = Mean time per level.
                   A        B        C        D        E       F      G
               +--------+--------+--------+--------+--------+-----+--------+
         Total |    378 |    378 |      0 |    205 |      0 |   1 |  378.0 |
       Dungeon |    378 |    378 |      0 |    205 |      0 |   1 |  378.0 |
               +--------+--------+--------+--------+--------+-----+--------+

Top non-repeatable levels by time:
       D: 378 daAuts
